AoeStats
← Smitthh 9736

Arabia

508930196Analyzed
1v1 RM · 7d ago on Sep 24, 2026· 37m 42s· 2 players
Game mode
Random Map
Map size
Tiny (2 player)
Population
200
Speed
Normal
Resources
Standard
Victory
Conquest
Starting age
Dark Age
Ending age
Imperial Age
RankedLock teamsTeams togetherTeam positionsShared explorationLock speedFull tech treeHidden civsTurbo modeCheats
Victory
Defeat
🇫🇷 Britons · France
982
+15
🇲🇽 Goths · Mexico
967
-15
glitter
7:54 Loom
10:33 Feudal Age
12:28 Town Watch
15:22 Man-at-Arms
18:21 Wheelbarrow
27:52 Castle Age
26:31 Fletching
27:59 Long Swordsman
28:40 Squires
29:54 Forging
29:44 Scale Mail Armor
Smitthh 9736
10:18 Feudal Age
8:36 Loom
15:07 Fletching
28:45 Castle Age
27:08 Padded Archer Armor
27:49 Double-Bit Axe
27:58 Gold Mining
27:51 Horse Collar
28:45 Crossbowman
29:53 Bodkin Arrow
30:13 Leather Archer Armor
Connection lost

Rejoining the realm…

Still unreachable

The connection could not be restored.

Session expired

The server has moved on; the page needs a fresh start.